 Dungeon Crawl Stone Soup version 0.32-a0-128-g77eb882 (webtiles) character file.

Game seed: 9392249076977633812

116 danspanner the Covered (level 5, -4/33 HPs)
             Began as a Tengu Fighter on Feb 7, 2024.
             Slain by an orc
             ... wielding a +0 club
              (5 damage)
             ... on level 3 of the Dungeon.
             The game lasted 00:05:23 (1485 turns).

danspanner the Covered (Tengu Fighter)              Turns: 1485, Time: 00:05:23

Health: -4/33      AC:  9    Str: 19    XL:     5   Next: 0%
Magic:  6/6        EV:  9    Int:  8    God:
Gold:   104        SH:  5    Dex: 13    Spells: 4/4 levels left

rFire   . . .        a - +0 trident
rCold   . . .        c - +0 buckler
rNeg    . . .        b - +0 scale mail
rPois   .            (helmet restricted)
rElec   .            e - +1 cloak
rCorr   .            (no gloves)
SInv    .            (boots unavailable)
Will    .....        (no amulet) Stlth
                     (no ring)
HPRegen 0.25/turn    (no ring)
MPRegen 0.10/turn

%: acrobat
@: no status effects
A: beak, talons 3, acrobatic
a: no special abilities


You were on level 3 of the Dungeon.
You visited 1 branch of the dungeon, and saw 3 of its levels.

You collected 104 gold pieces.

Inventory:

Hand Weapons
 a - a +0 trident (weapon)
Armour
 b - a +0 scale mail (worn)
 c - a +0 buckler (worn)
 e - a +1 cloak (worn)
Potions
 d - 2 potions of might
 f - a potion of curing
 h - 3 potions of magic


   Skills:
 + Level 3.7 Fighting
 + Level 3.3 Polearms
 + Level 4.1 Armour
 + Level 3.7 Shields


You had 4 spell levels left.
You didn't know any spells.
Your spell library contained the following spells:

 Spells                   Type           Power      Damage    Failure   Level
 Fugue of the Fallen      Necr           0%         N/A       99%         3
 Ozocubu's Armour         Ice            0%         N/A       99%         3
 Manifold Assault         Tloc           0%         N/A       100%        4


Dungeon Overview and Level Annotations

Branches:
Dungeon (3/15)

Altars:

Shops:
D:1 *   D:2 (


Innate Abilities, Weirdness & Mutations

You have a beak for a mouth.
You have claws for feet.
You can magically evade attacks while moving or waiting.


Message History

The goblin shouts!
You hear a shout!
An orc priest comes into view. It is wielding a +0 flail.
An orc comes into view. It is wielding a +0 club.
You puncture the goblin!
You kill the goblin!
There is a stone staircase leading up here.
You reach to attack!
You closely miss the orc. You closely miss the orc. Your peck misses the orc.
The orc hits you but does no damage.
You closely miss the orc. Your peck misses the orc. The orc closely misses you.
You puncture the orc!
You kill the orc!
The orc priest calls down the wrath of Beogh upon you.
Beogh smites you!
A ball python comes into view.
You have reached level 5!
You reach to attack!
The ball python hisses angrily.
You hit the orc priest but do no damage.
The orc priest barely misses you.
You hit the orc priest but do no damage.
You claw the orc priest, but do no damage.
The orc priest hits you but does no damage.
You hit the orc priest.
The orc priest is moderately wounded.
The orc closely misses you.
The orc priest hits you with a +0 flail!
You are too injured to fight recklessly!
You are too injured to fight recklessly!
You are too injured to fight recklessly!
You hit the orc priest. You peck the orc priest.
The orc priest is severely wounded.
The orc priest closely misses you. The orc barely misses you.
You hit the orc priest.
The orc priest is severely wounded.
The orc priest mumbles some strange prayers to Beogh against you.
Pain shoots through your body!
* * * LOW HITPOINT WARNING * * *
The orc hits you with a +0 club.
You die...

.. #. .. . #<
#.#. . #.#.##
##...
####....##....#
.......o@S.#
##....o####
##....#
#....).#
##...#o...
###........ ###
#.... .o.. ...


You could see an orc priest, an orc and a ball python.

Vanquished Creatures
  Jessica (D:2)
  Robin (D:2)
  3 adders (D:2)
  2 ribbon worms (D:2)
  An orc (D:3)
  2 ball pythons
  2 endoplasms (D:1)
  A giant cockroach (D:2)
  4 hobgoblins
  2 quokkas
  6 bats
  2 frilled lizards (D:2)
  9 goblins
  7 kobolds
  3 rats
46 creatures vanquished.

Notes
Turn   | Place    | Note
-------+----------+-------------------------------------------
     0 | D:1      | danspanner the Tengu Fighter began the quest for the Orb.
     0 | D:1      | Reached XP level 1. HP: 14/14 MP: 2/2
   247 | D:1      | Reached XP level 2. HP: 10/19 MP: 3/3
   297 | D:1      | Found Zekennu's Assorted Antiques.
   764 | D:2      | Reached XP level 3. HP: 21/23 MP: 4/4
   778 | D:2      | Noticed Robin
   783 | D:2      | Killed Robin
   890 | D:2      | Noticed Jessica
   902 | D:2      | Killed Jessica
   903 | D:2      | Reached XP level 4. HP: 14/28 MP: 5/5
  1038 | D:2      | Reached skill level 4 in Armour
  1138 | D:2      | Found Doox's Weapon Shoppe.
  1138 | D:2      | Noticed a +0 demon blade
  1139 | D:2      | Noticed a +0 bardiche
  1481 | D:3      | Reached XP level 5. HP: 18/33 MP: 6/6
  1485 | D:3      | HP: 1/33 [orc priest/nerve-wracking pain (10)]
  1485 | D:3      | Slain by an orc

Illustrated notes

Levels and vault maps discovered:
D:1:      ebering_hopf_link, layout_basic, serial_shops, shop, minmay_domino_2
D:2:      layout_basic, serial_shops, nicolae_shop_mannequins, uniq_jessica,
          uniq_robin
D:3:      layout_rooms

Skill      XL: |  1  2  3  4 |
---------------+-------------+-----
Polearms       | 3 |  3.3
Armour         | 4 |  4.1
Fighting       | |  3.7
Shields        | |  3.7

Action                     |  1- 3 |  4- 6 || total
---------------------------+-------+-------++-------
  Melee: Trident           |    75 |    49 ||   124
         Kick              |    12 |     9 ||    21
         Peck              |     7 |     3 ||    10
    Use: Scroll            |     4 |     1 ||     5
         Potion            |     1 |       ||     1
 Armour: Scale mail        |    44 |    19 ||    63
  Dodge: Dodged            |    30 |    16 ||    46
  Block: Buckler           |     8 |     7 ||    15

Table legend: (Time is in decaauts)
 A = Elapsed time spent in this place.
 B = Non-inter-level travel time spent in this place.
 C = Inter-level travel time spent in this place.
 D = Time resting spent in this place.
 E = Time spent auto-exploring this place.
 F = Levels seen in this place.
 G = Mean time per level.
                   A        B        C        D        E       F      G
               +--------+--------+--------+--------+--------+-----+--------+
         Total |   1514 |   1491 |     23 |      0 |   1214 |   3 |  504.7 |
       Dungeon |   1514 |   1491 |     23 |      0 |   1214 |   3 |  504.7 |
               +--------+--------+--------+--------+--------+-----+--------+

Top non-repeatable levels by time:
     D:2: 761 daAuts
     D:1: 737 daAuts
     D:3: 15 daAuts
